 Dungeon Crawl Stone Soup version 0.20-a0-792-g09bcfd3 (webtiles) character file.

16 4thArraOfDagon the Ducker (level 2, -2/11 HPs)
             Began as a Felid Earth Elementalist on Feb 28, 2017.
             Slain by a quokka (5 damage)
             ... on level 2 of the Dungeon.
             The game lasted 00:01:59 (351 turns).

4thArraOfDagon the Ducker (Felid Earth Elementalist) Turns: 351, Time: 00:02:00

Health: -2/11      AC:  1    Str:  4    XL:     2   Next: 41%
Magic:  4/6        EV: 18    Int: 16    God:
Gold:   24         SH:  0    Dex: 16    Spells: 4/5 levels left
                                        Lives:  0   Deaths: 0

rFire    . . .     SeeInvis +   b - 85 stones
rCold    . . .     Gourm    .   (armour unavailable)
rNeg     . . .     Faith    +   (shield unavailable)
rPois    .         Spirit   .   (helmet unavailable)
rElec    .         Reflect  .   (cloak unavailable)
rCorr    .         Harm     .   (gloves unavailable)
MR       .....                  (boots unavailable)
Stlth    +++.......             f - amulet of faith
Regen    0.1/turn               (no ring)
MPRegen  0.1/turn               l - ring of see invisible

@: quick
A: no armour, no weapons or thrown items, stealth, claws 1, fangs 3, see
invisible, carnivore 3, speed 1, shaggy fur 1, slow metabolism 1, sharp paws
a: no special abilities


You were on level 2 of the Dungeon.
You were very full.

You visited 1 branch of the dungeon, and saw 2 of its levels.

You collected 24 gold pieces.

Inventory:

Missiles
 b - 85 stones (in mouth)
Jewellery
 f - an amulet of faith (around neck)
 l - a ring of see invisible (left paw)
Scrolls
 a - a scroll of blinking {unknown}
 e - a scroll of magic mapping {unknown}
 g - 3 scrolls of identify {unknown}
 h - 2 scrolls of remove curse {unknown}
 k - a scroll of teleportation {unknown}
Potions
 i - a potion of curing {unknown}
 j - a potion of cancellation {unknown}
Books
 d - a book of Geomancy

   Spells                             Type                      Level
   a - Sandblast                      Earth                        1
   b - Passwall                       Transmutation/Earth          2
   c - Stone Arrow                    Conjuration/Earth            3
   d - Petrify                        Transmutation/Earth          4
   e - Lee's Rapid Deconstruction     Earth                        5
Comestibles
 c - a meat ration


   Skills:
 + Level 3.1 Dodging
 - Level 2.6 Stealth
 * Level 1.7 Unarmed Combat
 - Level 2.0 Spellcasting
   Level 1.1 Transmutations
 - Level 2.6 Earth Magic


You had 4 spell levels left.
You knew the following spells:

 Your Spells              Type           Power        Failure   Level  Hunger
a - Sandblast             Erth           ##....       10%         1    #......


Dungeon Overview and Level Annotations

Branches:
Dungeon (2/15)

Altars:


Innate Abilities, Weirdness & Mutations

You cannot wear armour.
You are incapable of wielding weapons or throwing items.
Your paws allow you to move quietly. (Stealth)
You have sharp claws.
You have razor-sharp teeth.
You have supernaturally acute eyesight. (SInv)
You are carnivorous and can eat meat at any time.
You cover ground quickly.
You are covered in fur. (AC +1)
You have a slow metabolism.
Your sharp claws are effective at attacking unaware monsters.


Message History

You see here 25 stones.
b - 87 stones (gained 25)
Casting: Sandblast
Confirm with . or Enter, or press ? or * to list all spells.
Aiming: Sandblast
Press: ? - help, Shift-Dir - straight line, f - quokka
Aim: a quokka (resting)
The blast of sand hits the quokka.
The quokka is heavily wounded.
b - 86 stones
Casting: Sandblast
Confirm with . or Enter, or press ? or * to list all spells.
Aiming: Sandblast
Press: ? - help, Shift-Dir - straight line, f/p - quokka
Aim: a quokka (heavily wounded)
The blast of sand hits the quokka.
The quokka is severely wounded.
b - 85 stones The quokka bites you.
You die...

#............#
#)......[.####
#.####[.#.#
#.# #..#^#
#.####..#.#
#.##....#.#
#.##.##.#.####
#.#...#.......
#.....@r#.#
#.........#
##......###
#.........#
#.#######$# #.
.# # .. ...


You could see a quokka.

Vanquished Creatures
  An adder (D:2)
  A goblin (D:2)
  2 hobgoblins
  A bat (D:1)
  2 frilled lizards (D:2)
  2 rats (D:2)
9 creatures vanquished.

Notes
Turn   | Place    | Note
-------+----------+-------------------------------------------
     0 | D:1      | 4thArraOfDagon the Felid Earth Elementalist began the quest for the Orb.
     0 | D:1      | Reached XP level 1. HP: 7/7 MP: 4/4
   159 | D:2      | Reached skill level 3 in Dodging
   159 | D:2      | Reached skill level 1 in Unarmed Combat
   159 | D:2      | Reached XP level 2. HP: 11/11 MP: 3/6
   351 | D:2      | Slain by a quokka

Vault maps used:
D:1:      dpeg_cavernosity
D:2:      minmay_split_cup_large

Skill      XL: |  1 |
---------------+----+-----
Dodging        | 3 |  3.1
Unarmed Combat | 1 |  1.7
Stealth        | |  2.6
Spellcasting   | |  2.0
Transmutations | |  1.1
Earth Magic    | |  2.6

Action                   || total
-------------------------++-------
Melee: Unarmed           ||    30
       Bite              ||     1
 Cast: Sandblast         ||     5
 Stab: Sleeping          ||     1
  Eat: Chunk             ||     4
Armor: Skin              ||     2
Dodge: Dodged            ||    20
